 Dungeon Sprint DCSS version 0.30-a0-219-gf2db51d15e (webtiles) character file.

Game seed: 15497351700350210115

63958 rocky1 the Warrior (level 14, -19/144 HPs)
             Began as a Black Draconian Warper on Oct 8, 2022.
             Was the Champion of Cheibriados.
             Demolished by a balrug
             ... wielding a +0 demon whip of flaming
              (24 damage)
             ... in the Dungeon (Sprint VII: "The Pits").
             The game lasted 00:33:15 (7714 turns).

rocky1 the Warrior (Black Draconian Warper)         Turns: 7714, Time: 00:33:16

Health: -19/144    AC: 16    Str: 33    XL:     14   Next: 70%
Magic:  28/32      EV: 27    Int: 35    God:    Cheibriados [******]
Gold:   28         SH:  0    Dex: 25    Spells: 21/41 levels left

rFire   . . .      SeeInvis .    b - +3 lajatang
rCold   . . .      Faith    .    (shield currently unavailable)
rNeg    . . .      Spirit   .    (body armour unavailable)
rPois   .          Reflect  .    t - +2 hat {Int+3}
rElec   +          Harm     .    f - +1 cloak
rCorr   .          Rampage  .    n - +0 pair of gloves
Will    +....      NoTele   +    (no boots)
Stlth   ++........               L - amulet of magic regeneration
HPRegen 0.44/turn                a - +3 ring of protection
MPRegen 0.63/turn                p - +4 ring of slaying

@: on fire, flying, glowing, very slow
A: breathe lightning, AC +8, unfitting armour, big wings, electricity
resistance, cold-blooded, stinger 1, strong 1
a: Breathe Lightning, Renounce Religion, Bend Time, Temporal Distortion, Slouch,
Step From Time


You were in the Dungeon.
You worshipped Cheibriados.
Cheibriados was exalted by your worship.
You visited 1 branch You collected 28 gold pieces.

Inventory:

Hand Weapons
 b - a +3 lajatang (weapon)
 g - the +7 Singing Sword {vorpal, sonic wave}
   (You found it in the Dungeon)

   It inflicts extra damage upon your enemies.
   It radiates damaging sonic waves as it strikes, especially in combat
   involving dangerous or numerous foes.
 m - a +4 vorpal scythe
 o - a +2 halberd of protection
 A - the +6 eveningstar "Temyc" {vorpal, Fly Dex+3}
   (You took it off an orc priest in the Dungeon)

   It inflicts extra damage upon your enemies.
   Dex:       It affects your dexterity (+3).
   Fly:       It grants you flight.
 B - the +4 eveningstar of Kyommuhi {freeze, rPois rN+ Str+5}
   (You found it in the Dungeon)

   It freezes those it strikes, dealing additional cold damage.
   It can also slow down cold-blooded creatures.
   Str:       It affects your strength (+5).
   rPois:     It protects you from poison.
   rN:        It protects you from negative energy.
 F - the +12 glaive of Prune {vorpal}
   (You took it off a minotaur in the Dungeon)

   It inflicts extra damage upon your enemies.
   It halves damage taken while paralysed, petrified or unconscious.
 J - the +9 arbalest "Joqes" {penet, rElec rF+++ Int-4 Dex-3}
   (You took it off a yaktaur in the Dungeon)

   Any ammunition fired by it passes through the targets it hits, potentially
   hitting all targets in its path until it reaches maximum range.
   Int:       It affects your intelligence (-4).
   Dex:       It affects your dexterity (-3).
   rF:        It renders you almost immune to fire.
   rElec:     It insulates you from electricity.
 K - a +7 vorpal quarterstaff
Missiles
 c - 7 boomerangs of dispersal (quivered)
Armour
 f - a +1 cloak (worn)
 n - a +0 pair of gloves (worn)
 t - a +2 hat of intelligence (worn)
 C - the +2 cloak of Grace {*Corrode rElec Dex+3 Slay+2}
   (You found it in the Dungeon)

   Dex:       It affects your dexterity (+3).
   Slay:      It affects your accuracy & damage with ranged weapons and melee
   (+2).
   rElec:     It insulates you from electricity.
   *Corrode:  It may corrode you when you take damage.
Magical Staves
 u - a staff of cold
 y - a staff of air
Jewellery
 a - a +3 ring of protection (left hand)
 p - a +4 ring of slaying (right hand)
 x - a ring of positive energy
 E - a +4 ring of evasion
 G - the amulet of Nillidek {Spirit Will+ MP+9}
   (You took it off a yaktaur in the Dungeon)

   [amulet of guardian spirit]

   It causes incoming damage to be divided between your reserves of health and
   magic.
   MP:        It affects your magic capacity (+9).
   Will:      It increases your willpower.
 H - a ring of poison resistance
 I - a +6 ring of dexterity
 L - an amulet of magic regeneration (around neck)
Scrolls
 j - 5 scrolls of amnesia
 k - a scroll of summoning
 q - 3 scrolls of butterflies
 r - 2 scrolls of fear
 s - 3 scrolls of enchant weapon
Potions
 d - 8 potions of curing
 e - 6 potions of heal wounds
 h - 3 potions of berserk rage
 i - a potion of invisibility
 l - 3 potions of brilliance
 w - a potion of flight
 z - a potion of might
Miscellaneous
 v - a phial of floods
 D - a condenser vane
 M - a lightning rod (4/4)


   Skills:
 + Level 18.7 Fighting
 - Level 16.0(18.8) Polearms
 - Level 16.5(19.1) Staves
 - Level 0.8 Throwing
 + Level 16.0 Dodging
 - Level 9.4 Stealth
 + Level 14.0 Spellcasting
 - Level 6.7 Conjurations
 - Level 12.2 Translocations
 - Level 6.7 Ice Magic
 - Level 13.8 Air Magic
 - Level 10.2 Invocations
 + Level 11.5 Evocations


You had 21 spell levels left.
You knew the following spells:

 Your Spells              Type           Power      Damage    Failure   Level
a - Blink                 Tloc           100%       N/A       0%          2
b - Manifold Assault      Tloc           83%        N/A       1%          4
c - Vhi's Electric Charg  Tloc/Air       100%       N/A       1%          3
d - Lesser Beckoning      Tloc           100%       N/A       1%          3
e - Teleport Other        Tloc           83%        N/A       1%          3
f - Freezing Cloud        Conj/Ice/Air   36%        6-21      1%          5

Your spell library contained the following spells:

 Spells                   Type           Power      Damage    Failure   Level
 Swiftness                Air            88%        N/A       0%          3
 Shock                    Conj/Air       100%       1d9       1%          1
 Kindle Blastsparks       Fire/Tloc/Air  100%       2d18      1%          3
 Airstrike                Air            44%        2d(7-23)  1%          4
 Passage of Golubria      Tloc           83%        N/A       1%          4
 Sublimation of Blood     Necr           24%        N/A       2%          2
 Ignite Poison            Fire/Tmut/Pois 24%        N/A       4%          3
 Tukima's Dance           Hex            24%        N/A       4%          3
 Irradiate                Conj/Tmut      24%        3d19      12%         5
 Petrify                  Tmut/Erth      24%        N/A       16%         4
 Yara's Violent Unravell  Hex/Tmut       12%        3d7       41%         5


Dungeon Overview and Level Annotations

Branches:
Dungeon (1/1)

Altars:
Ashenzari
Cheibriados
Dithmenos
Elyvilon
Fedhas
Gozag
Hepliaklqana
Kikubaaqudgha
Makhleb
Nemelex Xobeh
Okawaru
Qazlal
Ru
Sif Muna
Trog
Uskayaw
Vehumet
Wu Jian
Xom
Yredelemnul
Zin
The Shining One
Jiyva
Lugonu


Innate Abilities, Weirdness & Mutations

You can breathe wild blasts of lightning.
Your glossy black scales are hard. (AC +8)
You cannot fit into any form of body armour.
Your large and strong wings let you fly.
You are resistant to electric shocks. (rElec)
You are cold-blooded and may be slowed by cold attacks.
Your tail ends in a venomous barb.
Your muscles are strong. (Str +4, Int/Dex -1)


Message History

You cut the balrug into ribbons!!!
You kill the balrug!
Cheibriados thoroughly appreciates the change of pace.
The balrug gestures at you. The sticky flame misses you.
Your Dodging skill increases to level 16!
Your Spellcasting skill increases to level 14!
The balrug gestures at you. The sticky flame hits you.
You are covered in liquid flames!
The balrug hits you with a +0 demon whip of flaming!
You are engulfed in flames!!
* * * LOW HITPOINT WARNING * * *
The balrug burns you.
* * * LOW HITPOINT WARNING * * *
The balrug completely misses you.
You closely miss the balrug.
Your tail-slap misses the balrug.
The balrug is severely wounded.
You are covered in liquid flames!
* * * LOW HITPOINT WARNING * * *
The balrug gestures at you.
The sticky flame hits you but does no damage.
You are covered in liquid flames!
You feel much better.
You are covered in liquid flames!
* * * LOW HITPOINT WARNING * * *
The balrug hits you with a +0 demon whip of flaming.
* * * LOW HITPOINT WARNING * * *
You are engulfed in flames!
* * * LOW HITPOINT WARNING * * *
The balrug burns you.
* * * LOW HITPOINT WARNING * * *
You closely miss the balrug. You tail-slap the balrug!
The balrug is almost dead.
You are covered in liquid flames!
* * * LOW HITPOINT WARNING * * *
The balrug hits you with a +0 demon whip of flaming!
* * * LOW HITPOINT WARNING * * *
You are engulfed in flames!!
You die...

+.......#....#)[.....
#.....)......#.))....
#.......#....#....).)
#...#'###...)'...[...
#...#........#######)
#####.###..##........)...
#..........##............
........)....##)#####.###
####'###@#...#.....#.....
.......2#...))...)......
.......§#...#........)..
.......§....#.....#.....
)..Y...§#...#..}..#.....
########################
####################
#...)(..............
#..÷.............)..


You could see an apis and a balrug.

Vanquished Creatures
  Nikola (D)
  Gastronok (D)
  A nagaraja (D)
  2 rockslimes (D)
  Ilsuiw (D)
  A balrug (D)
  2 ghouls (D)
  An iron dragon (D)
  An angel (D)
  2 orc warlords (D)
  A reaper (D)
  A dire elephant (D)
  A vampire knight (D)
  A deep elf annihilator (D)
  3 minotaurs (D)
  2 black draconians (D)
  Josephine (D)
  A blizzard demon (D)
  2 yaktaur captains (D)
  A fire dragon (D)
  An ettin (D)
  2 great orbs of eyes (D)
  A vault guard (D)
  2 ice dragons (D)
  3 hydras (D)
  An alligator snapping turtle (D)
  A catoblepas (D)
  2 merfolk aquamancers (D)
  A two-headed ogre (D)
  2 alligators (D)
  2 naga warriors (D)
  A dancing weapon (D)
  5 hell knights (D)
  3 deep elf knights (D)
  A sixfirhy (D)
  2 spriggan druids (D)
  A deep troll (D)
  A cherub (D)
  2 bog bodies (D)
  2 phantasmal warriors (D)
  A lindwurm (D)
  A necromancer (D)
  11 orc knights (D)
  5 ugly things (D)
  4 merfolk sirens (D)
  3 elephants (D)
  2 rust devils (D)
  A molten gargoyle (D)
  A gargoyle (D)
  2 cane toads (D)
  A rime drake (D)
  2 eyes of devastation (D)
  2 yaktaurs (D)
  A demonic crawler (D)
  A kobold demonologist (D)
  A freezing wraith (D)
  2 hellwings (D)
  An efreet (D)
  A wind drake (D)
  2 merfolk (D)
  A hornet (D)
  2 tarantellas (D)
  A snapping turtle (D)
  3 flying skulls (D)
  A jumping spider (D)
  2 air elementals (D)
  2 spriggans (D)
  5 water elementals (D)
  A shadow (D)
  3 wyverns (D)
  A fire bat (D)
  A small abomination (D)
  A basilisk (D)
  3 wraiths (D)
  4 redbacks (D)
  2 vampire mosquitoes (D)
  A neqoxec (D)
  3 orc warriors (D)
  A black bear (D)
  3 sky beasts (D)
  An ogre (D)
  5 wolves (D)
  A centaur (D)
  2 phantoms (D)
  A kobold brigand (D)
  A necrophage (D)
  An orc priest (D)
  A hound (D)
  An iguana (D)
  4 orc wizards (D)
  2 gnolls (D)
  A river rat (D)
  An ufetubus (D)
  An adder zombie (D)
  3 orcs (D)
  A ball python (D)
  A bat zombie (D)
  An endoplasm (D)
  A giant cockroach (D)
  2 goblins (D)
  10 jackals (D)
  A quokka (D)
  A ball python simulacrum (D)
  2 ball python zombies (D)
  A bat simulacrum (D)
  A jackal simulacrum (D)
  3 rats (D)
200 creatures vanquished.

Notes
Turn   | Place    | Note
-------+----------+-------------------------------------------
     0 | D        | rocky1 the Draconian Warper began the quest for the Orb.
     0 | D        | Reached XP level 1. HP: 17/17 MP: 3/3
    45 | D        | Found a bloodstained altar of Trog.
    45 | D        | Found a shimmering blue altar of Sif Muna.
    45 | D        | Found a viscous altar of Jiyva.
    45 | D        | Found a hazy altar of Hepliaklqana.
    45 | D        | Found an opulent altar of Gozag.
    46 | D        | Found a glowing golden altar of the Shining One.
    46 | D        | Found a glowing silver altar of Zin.
    46 | D        | Found a basalt altar of Yredelemnul.
    46 | D        | Found a shimmering altar of Xom.
    46 | D        | Found an ornate altar of the Wu Jian Council.
    46 | D        | Found a sacrificial altar of Ru.
    46 | D        | Found a stormy altar of Qazlal.
    46 | D        | Found an iron altar of Okawaru.
    46 | D        | Found a sparkling altar of Nemelex Xobeh.
    46 | D        | Found a burning altar of Makhleb.
    46 | D        | Found a blossoming altar of Fedhas.
    46 | D        | Found a white marble altar of Elyvilon.
    46 | D        | Found a shadowy altar of Dithmenos.
    46 | D        | Found a snail-covered altar of Cheibriados.
    49 | D        | Found a corrupted altar of Lugonu.
    49 | D        | Found a radiant altar of Vehumet.
    50 | D        | Found an ancient bone altar of Kikubaaqudgha.
    50 | D        | Found a hide-covered altar of Uskayaw.
    50 | D        | Found a broken altar of Ashenzari.
    57 | D        | Became a worshipper of Cheibriados the Contemplative
   185 | D        | Reached * piety under Cheibriados
   188 | D        | Reached skill level 1 in Invocations
   188 | D        | Reached XP level 2. HP: 25/25 MP: 5/5
   192 | D        | Noticed a black bear
   197 | D        | Reached ** piety under Cheibriados
   198 | D        | Reached skill level 1 in Stealth
   205 | D        | Killed a black bear
   205 | D        | Reached *** piety under Cheibriados
   206 | D        | Reached skill level 4 in Fighting
   206 | D        | Reached XP level 3. HP: 20/34 MP: 6/8
   206 | D        | Reached XP level 4. HP: 24/41 MP: 6/9
   338 | D        | Noticed a sky beast
   339 | D        | Noticed a flying skull
   339 | D        | Noticed a phantom
   374 | D        | Killed a flying skull
   374 | D        | Reached **** piety under Cheibriados
   375 | D        | Reached skill level 5 in Fighting
   375 | D        | Reached skill level 5 in Polearms
   375 | D        | Reached skill level 5 in Translocations
   375 | D        | Reached XP level 5. HP: 24/49 MP: 10/12
   375 | D        | Reached XP level 6. HP: 28/56 MP: 10/13
   379 | D        | Reached skill level 6 in Fighting
   379 | D        | Reached skill level 5 in Dodging
   379 | D        | Reached skill level 5 in Spellcasting
   379 | D        | Reached skill level 5 in Invocations
   383 | D        | Killed a sky beast
   384 | D        | Reached skill level 5 in Stealth
   615 | D        | Learned a level 2 spell: Blink
   620 | D        | Learned a level 4 spell: Manifold Assault
   624 | D        | Learned a level 3 spell: Vhi's Electric Charge
   628 | D        | Learned a level 3 spell: Lesser Beckoning
   632 | D        | Learned a level 3 spell: Teleport Other
   635 | D        | Noticed an orc warrior
   642 | D        | Killed an orc warrior
   643 | D        | Your scales start taking on a glossy black colour.
   643 | D        | Reached XP level 7. HP: 33/64 MP: 15/15
   643 | D        | Gained mutation: You are resistant to electric shocks.
                  | (rElec) [Black Draconian growth]
   946 | D        | Noticed an elephant
   959 | D        | Killed an elephant
   959 | D        | Reached ***** piety under Cheibriados
   960 | D        | Reached skill level 7 in Fighting
  1221 | D        | Noticed a flying skull
  1235 | D        | Killed a flying skull
  1236 | D        | Reached skill level 1 in Air Magic
  1236 | D        | Reached XP level 8. HP: 50/73 MP: 11/17
  1326 | D        | Reached ****** piety under Cheibriados
  1441 | D        | Noticed a bog body
  1453 | D        | Killed a bog body
  1454 | D        | Reached skill level 8 in Fighting
  1641 | D        | Noticed a deep troll
  1641 | D        | Noticed a gargoyle
  1641 | D        | Noticed a tarantella
  1641 | D        | Noticed Josephine
  1642 | D        | Killed a tarantella
  1643 | D        | Reached XP level 9. HP: 82/82 MP: 13/19
  1643 | D        | Killed a gargoyle
  1644 | D        | Reached skill level 9 in Fighting
  1644 | D        | Reached skill level 5 in Air Magic
  1651 | D        | Killed Josephine
  1661 | D        | Killed a deep troll
  1662 | D        | Reached XP level 10. HP: 24/93 MP: 6/22
  1871 | D        | Reached skill level 10 in Fighting
  1957 | D        | Noticed a phantasmal warrior
  1960 | D        | Noticed a bog body
  1963 | D        | Killed a bog body
  1964 | D        | Reached skill level 10 in Invocations
  1967 | D        | Killed a phantasmal warrior
  1971 | D        | Reached skill level 10 in Translocations
  2087 | D        | Noticed an orc knight
  2097 | D        | Noticed a catoblepas
  2100 | D        | Reached skill level 10 in Polearms
  2100 | D        | Killed an orc knight
  2101 | D        | Reached skill level 11 in Fighting
  2103 | D        | Killed a catoblepas
  2164 | D        | Noticed an elephant
  2173 | D        | Killed an elephant
  2174 | D        | Reached XP level 11. HP: 90/102 MP: 17/24
  2243 | D        | Noticed a six-headed hydra
  2245 | D        | Noticed a two-headed ogre
  2251 | D        | Killed a six-headed hydra
  2251 | D        | Killed a two-headed ogre
  2252 | D        | Reached skill level 12 in Fighting
  2252 | D        | Reached skill level 10 in Dodging
  2252 | D        | Reached skill level 10 in Spellcasting
  2252 | D        | Reached skill level 10 in Air Magic
  2541 | D        | Noticed a spriggan druid
  2551 | D        | Killed a spriggan druid
  2812 | D        | Gained mutation: Your system is resistant to poisons.
                  | (rPois) [potion of mutation]
  2812 | D        | Gained mutation: Your flesh is cold resistant. (rC+)
                  | [potion of mutation]
  2868 | D        | Noticed Gastronok
  2883 | D        | Killed Gastronok
  3045 | D        | Noticed an eight-headed hydra
  3045 | D        | Noticed a merfolk aquamancer
  3050 | D        | Killed a merfolk aquamancer
  3054 | D        | Killed a ten-headed hydra
  3285 | D        | Reached skill level 13 in Fighting
  3298 | D        | Learned a level 5 spell: Freezing Cloud
  3317 | D        | Reached skill level 1 in Ice Magic
  3333 | D        | Reached skill level 1 in Conjurations
  3621 | D        | Noticed a five-headed hydra
  3621 | D        | Noticed a rockslime
  3621 | D        | Noticed a reaper
  3621 | D        | Noticed a spriggan druid
  3621 | D        | Noticed a nagaraja
  3622 | D        | Killed a spriggan druid
  3623 | D        | Reached XP level 12. HP: 115/115 MP: 21/27
  3624 | D        | Killed a rockslime
  3625 | D        | Killed a reaper
  3628 | D        | Killed a five-headed hydra
  3636 | D        | Killed a nagaraja
  4251 | D        | Noticed an alligator
  4260 | D        | Reached skill level 14 in Fighting
  4260 | D        | Noticed an alligator
  4261 | D        | Reached skill level 5 in Conjurations
  4261 | D        | Reached skill level 5 in Ice Magic
  4261 | D        | Killed an alligator
  4267 | D        | Killed an alligator
  4269 | D        | Noticed a minotaur
  4271 | D        | Identified the +6 eveningstar "Temyc" {vorpal, Fly Dex+3}
  4285 | D        | Killed a minotaur
  4295 | D        | Noticed a great orb of eyes
  4296 | D        | Paralysed by a great orb of eyes for 2 turns
  4302 | D        | Paralysed by a great orb of eyes for 2 turns
  4308 | D        | Killed a great orb of eyes
  4313 | D        | Gained mutation: You occasionally lose the ability to drink
                  | potions when taking damage. [a neqoxec]
  4634 | D        | Got the +4 eveningstar of Kyommuhi {freeze, rPois rN+
                  | Str+5}
  4775 | D        | Noticed an orc warlord
  4775 | D        | Noticed an orc warlord
  4779 | D        | Reached skill level 1 in Evocations
  4779 | D        | Reached XP level 13. HP: 109/125 MP: 18/29
  4781 | D        | Reached skill level 15 in Fighting
  4787 | D        | Killed an orc warlord
  4836 | D        | Killed an orc warlord
  4837 | D        | Reached skill level 5 in Evocations
  5110 | D        | Reached skill level 16 in Fighting
  5143 | D        | Noticed a minotaur
  5145 | D        | Reached skill level 15 in Polearms
  5154 | D        | Killed a minotaur
  5273 | D        | Reached skill level 17 in Fighting
  5306 | D        | Noticed a ghoul
  5315 | D        | Noticed a ghoul
  5560 | D        | Killed a ghoul
  5590 | D        | Killed a ghoul
  5774 | D        | Lost mutation: Your system is resistant to poisons. (rPois)
                  | [potion of mutation]
  5774 | D        | Lost mutation: You occasionally lose the ability to drink
                  | potions when taking damage. [potion of mutation]
  5774 | D        | Gained mutation: You occasionally lose the ability to drink
                  | potions when taking damage. [potion of mutation]
  5775 | D        | Lost mutation: You occasionally lose the ability to drink
                  | potions when taking damage. [potion of mutation]
  5775 | D        | Lost mutation: Your flesh is cold resistant. (rC+) [potion
                  | of mutation]
  5775 | D        | Gained mutation: You occasionally lose the ability to drink
                  | potions when taking damage. [potion of mutation]
  5775 | D        | Gained mutation: Your flesh is cold resistant. (rC+)
                  | [potion of mutation]
  5775 | D        | Gained mutation: You have large cloven feet. [potion of
                  | mutation]
  5776 | D        | Lost mutation: Your flesh is cold resistant. (rC+) [potion
                  | of mutation]
  5776 | D        | Lost mutation: You occasionally lose the ability to drink
                  | potions when taking damage. [potion of mutation]
  5776 | D        | Lost mutation: You have large cloven feet. [potion of
                  | mutation]
  5776 | D        | Gained mutation: Your tail ends in a venomous barb. [potion
                  | of mutation]
  5776 | D        | Gained mutation: Your muscles are strong. (Str +4, Int/Dex
                  | -1) [potion of mutation]
  5892 | D        | Found the +7 Singing Sword {vorpal, sonic wave}
  6168 | D        | Reached skill level 1 in Staves
  6255 | D        | Noticed a dire elephant
  6265 | D        | Killed a dire elephant
  6265 | D        | Noticed a black draconian
  6266 | D        | Reached skill level 10 in Staves
  6382 | D        | Killed a black draconian
  6383 | D        | Gained mutation: Your large and strong wings let you fly.
                  | [Black Draconian growth]
  6383 | D        | Reached XP level 14. HP: 115/140 MP: 25/30
  6426 | D        | Identified the +5 chain mail of the Onion {rElec rC- Dex+2
                  | Stlth+}
  6448 | D        | Identified the amulet of Nillidek {Spirit Will+ MP+9}
  6504 | D        | Identified the +9 arbalest "Joqes" {penet, rElec rF+++
                  | Int-4 Dex-3}
  6745 | D        | Paralysed by an air elemental for 1 turns
  6752 | D        | Reached skill level 15 in Staves
  6766 | D        | Noticed a vampire knight
  6768 | D        | Killed a vampire knight
  6798 | D        | Noticed a curse toe
  6885 | D        | Noticed Ilsuiw
  6885 | D        | Identified the +1 falchion of Nilika {vorpal, Str+3 Int+2
                  | Stlth-}
  6901 | D        | Killed Ilsuiw
  7083 | D        | Noticed an angel
  7095 | D        | Killed an angel
  7111 | D        | Got the +2 cloak of Grace {*Corrode rElec Dex+3 Slay+2}
  7126 | D        | Noticed Nikola
  7142 | D        | Killed Nikola
  7143 | D        | Reached skill level 15 in Dodging
  7144 | D        | Reached skill level 10 in Evocations
  7164 | D        | Reached skill level 18 in Fighting
  7498 | D        | Noticed an iron dragon
  7514 | D        | Killed an iron dragon
  7531 | D        | Noticed a balrug
  7535 | D        | Noticed a rockslime
  7544 | D        | Killed a rockslime
  7703 | D        | Noticed a balrug
  7703 | D        | Noticed an apis
  7710 | D        | Killed a balrug
  7714 | D        | HP: 5/144 [balrug/+0 demon whip of flaming (15)]
  7714 | D        | Demolished by a balrug

Illustrated notes

Levels and vault maps discovered:
D:        pitsprint [storerooms_1, entrance_room_1, metal_vault_3, armoury_1,
          mini_pit_1, grid_room_1, main_hall_1, silver_pit, the_coven_1,
          the_vestibule_1, steel_vault_3, golden_pit, hallway_of_sentries,
          crystal_vault_2, iron_vault_1, final_vault]

Skill      XL: |  1  2  3  4  5  6  7  8  9 10 11 12 13 14 |
---------------+-------------------------------------------+-----
Invocations    | 1 3 4 6 7 8 9 10 | 10.2
Stealth        | 2 4 5 6 7 8 9 |  9.4
Fighting       | 4 5 6 7 8 9 11 13 14 17 18 | 18.7
Polearms       | 3 5 6 8 9 10 12 13 16 | 16.0
Dodging        | 3 4 5 6 7 8 9 11 12 14 16 | 16.0
Spellcasting   | 3 4 5 6 7 8 9 11 12 14 | 14.0
Translocations | 4 5 6 7 8 9 10 12 | 12.2
Air Magic      | 1 4 6 9 11 13 | 13.8
Ice Magic      | 2 6 |  6.7
Conjurations   | 2 6 |  6.7
Evocations     | 1 9 11 | 11.5
Staves         | 12 16 | 16.5
Throwing       | |  0.8

Action                   |  1- 3 |  4- 6 |  7- 9 | 10-12 | 13-15 || total
-------------------------+-------+-------+-------+-------+-------++-------
Melee: Trident           |    18 |    47 |    46 |       |       ||   111
       Spear             |     2 |       |       |       |       ||     2
       Tailslap          |     1 |     6 |    14 |    34 |    51 ||   106
       Halberd           |       |       |    22 |   183 |   111 ||   316
       Lajatang          |       |       |       |       |   180 ||   180
 Cast: Manifold Assault  |       |       |       |    10 |    26 ||    36
       Freezing Cloud    |       |       |       |       |     5 ||     5
       Vhi's Electric Ch |       |       |       |       |     3 ||     3
       Teleport Other    |       |       |       |       |     2 ||     2
       Blink             |       |       |       |       |     2 ||     2
       Lesser Beckoning  |       |       |       |       |     1 ||     1
Invok: Slouch            |       |     1 |     6 |    33 |    24 ||    64
 Abil: Breathe Lightning |       |       |       |       |     1 ||     1
Evoke: Lightning rod     |       |       |       |       |     3 ||     3
  Use: Potion            |     1 |     2 |       |     7 |    12 ||    22
       Scroll            |       |       |       |     2 |     2 ||     4
 Stab: Sleeping          |     1 |     1 |     4 |     3 |     1 ||    10
       Distracted        |       |       |       |     1 |     3 ||     4
       Invisible         |       |       |       |       |     2 ||     2
Armor: Skin              |     8 |    14 |    28 |    77 |    50 ||   177
Dodge: Dodged            |    17 |    30 |    54 |   172 |   203 ||   476

Table legend: (Time is in decaauts)
 A = Elapsed time spent in this place.
 B = Non-inter-level travel time spent in this place.
 C = Inter-level travel time spent in this place.
 D = Time resting spent in this place.
 E = Time spent auto-exploring this place.
 F = Levels seen in this place.
 G = Mean time per level.
                   A        B        C        D        E       F      G
               +--------+--------+--------+--------+--------+-----+--------+
         Total |   9135 |   8979 |    156 |   5297 |      0 |   1 | 9135.0 |
       Dungeon |   9135 |   8979 |    156 |   5297 |      0 |   1 | 9135.0 |
               +--------+--------+--------+--------+--------+-----+--------+

Top non-repeatable levels by time:
       D: 9135 daAuts
